 Dungeon Crawl Stone Soup version 0.29-a0-275-g389c0b56f3 (webtiles) character file.

Game seed: 10471911667337785008

56 Armakuni the Charlatan (level 3, -3/22 HPs)
             Began as a Deep Elf Wanderer on Mar 12, 2022.
             Slain by a gnoll
             ... wielding a +0 mace
              (5 damage)
             ... on level 2 of the Dungeon.
             The game lasted 00:03:51 (1657 turns).

Armakuni the Charlatan (Deep Elf Wanderer)          Turns: 1657, Time: 00:03:52

Health: -3/22      AC:  5    Str: 14    XL:     3   Next: 71%
Magic:  5/5        EV: 10    Int: 14    God:
Gold:   142        SH:  0    Dex: 13    Spells: 2/2 levels left

rFire   + . .      SeeInvis .   a - +0 hunting sling (vorpal)
rCold   + . .      Faith    .   (no shield)
rNeg    . . .      Spirit   .   g - +0 ring mail
rPois   +          Reflect  .   (no helmet)
rElec   +          Harm     .   (no cloak)
rCorr   +          Rampage  .   (no gloves)
Will    .....                   (no boots)
Stlth   +.........              (no amulet)
HPRegen 0.07/turn               (no ring)
MPRegen 0.09/turn               (no ring)

@: brilliant, about to teleport, resistant
A: no striking features
a: no special abilities


You were on level 2 of the Dungeon.
You visited 1 branch of the dungeon, and saw 2 of its levels.

You collected 142 gold pieces.

Inventory:

Hand Weapons
 a - a +0 vorpal hunting sling (weapon)
 b - a +0 mace
Armour
 g - a +0 ring mail (worn)
Scrolls
 c - a scroll of identify
 d - a scroll of teleportation


   Skills:
 + Level 2.8 Fighting
 - Level 1.3 Maces & Flails
 - Level 2.4 Slings
 - Level 1.0 Armour
 - Level 1.2 Stealth
 - Level 3.2 Evocations


You had 2 spell levels left.
You didn't know any spells.
Your spell library was empty.

Dungeon Overview and Level Annotations

Branches:
Dungeon (2/15)

Altars:


Message History

You shoot a sling bullet. The gnoll shouts!
The sling bullet hits the gnoll.
The gnoll is moderately wounded.
You hear a shout!
You shoot a sling bullet.
The sling bullet barely misses the gnoll.
You shoot a sling bullet.
The sling bullet barely misses the gnoll.
You shoot a sling bullet.
The sling bullet hits the gnoll but does no damage.
The gnoll is lightly wounded.
You shoot a sling bullet. The sling bullet hits the gnoll.
The gnoll is moderately wounded.
The gnoll barely misses you.
You shoot a sling bullet. The sling bullet hits the gnoll.
The gnoll is severely wounded.
The gnoll barely misses you. The gnoll hits you with a +0 mace.
You shoot a sling bullet.
The sling bullet closely misses the gnoll.
The gnoll hits you with a +0 mace!
You shoot a sling bullet.
The sling bullet barely misses the gnoll.
The gnoll closely misses you. The gnoll hits you with a +0 mace.
You are too injured to fight recklessly!
You aren't carrying any items that you can evoke.
Okay, then.
It was a potion of brilliance.
You feel clever all of a sudden. The gnoll hits you with a +0 mace.
* * * LOW HITPOINT WARNING * * *
It was a potion of resistance.
You feel protected. The gnoll hits you with a +0 mace.
* * * LOW HITPOINT WARNING * * *
Okay, then.
You aren't carrying any potions.
As you read the scroll of teleportation, it crumbles to dust.
You feel strangely unstable. The gnoll hits you with a +0 mace.
You die...

#.. #.#
#.######..
#.# #.# #.#
#.# #.# #.#
#.# ###.# #.#
#.#
##.####....
#.# #.#
#..........
#.####.#
#.#####.###
#......####.#
#.#
####g.......#
#.#
#@#.####.#
#.# #.#.# #.#
#.# #.#.# #.#
#.# #.#.# #.#
#.. #.#.. ...
..# #.#.. ..#
#.#.# #..
#.#.# ##.##
#.#.# ....


You could see a gnoll.

Vanquished Creatures
  2 adders (D:2)
  2 dart slugs (D:1)
  2 ball pythons (D:1)
  2 endoplasms
  A giant cockroach (D:1)
  2 goblins (D:2)
  5 hobgoblins
  5 jackals
  A quokka (D:1)
  3 bats
  2 frilled lizards (D:2)
  A kobold (D:1)
  4 rats
32 creatures vanquished.

Notes
Turn   | Place    | Note
-------+----------+-------------------------------------------
     0 | D:1      | Armakuni the Deep Elf Wanderer began the quest for the Orb.
     0 | D:1      | Armakuni set off with the following items: a +0 vorpal
                  | hunting sling, a +0 mace, a wand of flame (4), a scroll of
                  | teleportation, a +0 robe
     0 | D:1      | Reached XP level 1. HP: 10/10 MP: 3/3
   149 | D:1      | Reached skill level 1 in Fighting
   177 | D:1      | Reached XP level 2. HP: 13/16 MP: 4/4
   856 | D:1      | Found a faded altar of an unknown god.
  1195 | D:2      | Reached XP level 3. HP: 20/22 MP: 5/5
  1657 | D:2      | Slain by a gnoll

Illustrated notes

Levels and vault maps discovered:
D:1:      evilmike_arrival_crescent, layout_basic, serial_glass,
          glass_columns_a, glass_columns_b, item_on_display_a,
          shapermc_ecumenical_altar_hornbeckon
D:2:      layout_loops_ring

Skill      XL: |  1  2 |
---------------+-------+-----
Fighting       | 1 2 |  2.8
Maces & Flails | |  1.3
Slings         | |  2.4
Armour         | |  1.0
Stealth        | |  1.2
Evocations     | |  3.2

Action                   || total
-------------------------++-------
 Fire: Hunting sling     ||   101
Evoke: Wand              ||     4
  Use: Potion            ||     3
       Scroll            ||     2
Armor: Leather armour    ||    14
       Skin              ||    16
       Ring mail         ||     1
Dodge: Dodged            ||    37

Table legend: (Time is in decaauts)
 A = Elapsed time spent in this place.
 B = Non-inter-level travel time spent in this place.
 C = Inter-level travel time spent in this place.
 D = Time resting spent in this place.
 E = Time spent auto-exploring this place.
 F = Levels seen in this place.
 G = Mean time per level.
                   A        B        C        D        E       F      G
               +--------+--------+--------+--------+--------+-----+--------+
         Total |   1711 |   1694 |     17 |    543 |    814 |   2 |  855.5 |
       Dungeon |   1711 |   1694 |     17 |    543 |    814 |   2 |  855.5 |
               +--------+--------+--------+--------+--------+-----+--------+

Top non-repeatable levels by time:
     D:1: 948 daAuts
     D:2: 763 daAuts
